 Dungeon Crawl Stone Soup version 0.17.2-1-ge4368a0 (webtiles) character file.

3191 ololoev the Cleaver (level 9, -2/94 HPs)
             Began as a Demonspawn Berserker on July 28, 2016.
             Was an Elder of Trog.
             Slain by an orc warrior
             ... wielding a +0 scimitar
              (15 damage)
             ... on level 2 of the Orcish Mines.
             The game lasted 00:17:48 (1863 turns).

ololoev the Cleaver (Demonspawn Berserker)          Turns: 1863, Time: 00:17:48

Health: -2/94      AC: 15    Str: 26    XL:     9   Next: 64%
Magic:  9/9        EV: 12    Int:  9    God:    Trog [****..]
Gold:   739        SH:  0    Dex: 12    Spells: 0 memorised, 8 levels left

rFire  . . .     SeeInvis .     a - +1 battleaxe (elec)
rCold  . . .     Clarity  .     s - +0 plate armour
rNeg   . . .     SustAt   .     (shield currently unavailable)
rPois  .         Gourm    .     (no helmet)
rElec  .         Spirit   .     t - +0 cloak
rCorr  .         Warding  .     C - +0 pair of gloves
rMut   .         Stasis   .     (no boots)
MR     ++...                    (no amulet)
Stlth  ..........               (no ring)
                                F - +3 ring of slaying

@: berserking, regenerating, very quick, very resistant to hostile enchantments,
extremely unstealthy
A: talons 1, repulsion field 1, spiny 2
a: Berserk, Trog's Hand, Brothers in Arms, Burn Spellbooks, Renounce Religion


Innate Abilities, Weirdness & Mutations

You have sharp toenails.
You are surrounded by a mild repulsion field (EV +2).
You are mostly covered in sharp spines.

Inventory:

Hand Weapons
 a - a +1 battleaxe of electrocution (weapon)
Missiles
 e - 8 throwing nets (quivered)
Armour
 s - a +0 plate armour (worn)
 t - a +0 cloak (worn)
 C - a +0 pair of gloves (worn)
Jewellery
 F - a +3 ring of slaying (left hand)
Scrolls
 g - a scroll of remove curse
 v - a scroll of fog
 w - a scroll of recharging
 x - 2 scrolls of blinking
 y - 6 scrolls of magic mapping
Potions
 b - 2 potions of heal wounds {unknown}
 d - a potion of beneficial mutation {unknown}
 h - a potion of poison {unknown}
 i - 2 potions of curing
 j - 2 potions of haste {unknown}
 k - 3 potions of magic {unknown}
 m - a potion of degeneration {unknown}
 n - 2 potions of agility {unknown}
 o - a potion of mutation {unknown}
 z - a potion of brilliance {unknown}
 B - a potion of might {unknown}
Books
 q - a book of Dreams

   Spells                             Type                      Level
   a - Ensorcelled Hibernation        Hexes/Ice                    2
   b - Phase Shift                    Translocation                5
   c - Shadow Creatures               Summoning                    5
   d - Silence                        Hexes/Air                    5
   e - Darkness                       Hexes                        6
   f - Mass Confusion                 Hexes                        6
   Trog disapproves of the use of such an item.
 u - a book of Transfigurations

   Spells                             Type                      Level
   a - Stoneskin                      Transmutation/Earth          2
   b - Irradiate                      Conjuration/Transmutation    5
   c - Statue Form                    Transmutation/Earth          6
   d - Hydra Form                     Transmutation                6
   e - Dragon Form                    Transmutation                7
   Trog disapproves of the use of such an item.
Comestibles
 c - 3 bread rations
 f - 9 fruits
 G - a meat ration


   Skills:
 - Level 3.0 Fighting
 * Level 9.3 Axes
 + Level 6.3 Armour
 + Level 6.5 Dodging


You had 8 spell levels left.
You didn't know any spells.


You were on level 2 of the Orcish Mines.
You worshipped Trog.
Trog was greatly pleased with you.
You were hungry.

You visited 3 branches of the dungeon, and saw 11 of its levels.
You also visited: Sewer and Bailey.

You collected 739 gold pieces.

.....oo.....
...........#
.....ooo...##
............#
....o..o....##
.....>ooo....
.....#)o[.#
...#..)@.##
......)<..#
.......)..#
......#...#
....###..##
..## ...# .
.... ...#
...##

Notes
Turn   | Place    | Note
--------------------------------------------------------------
     0 | D:1      | ololoev the Demonspawn Berserker began the quest for the Orb.
     0 | D:1      | Reached XP level 1. HP: 18/18 MP: 1/1
   201 | D:3      | Noticed an orc wizard
   204 | D:3      | Gained mutation: You are partially covered in sharp spines. [demonic ancestry]
   204 | D:3      | Reached XP level 2. HP: 24/24 MP: 2/2
   206 | D:3      | Killed an orc wizard
   206 | D:3      | Reached XP level 3. HP: 29/29 MP: 3/3
   238 | D:3      | Found a burning altar of Makhleb.
   238 | D:3      | Noticed an Executioner
   239 | D:3      | Reached ** piety under Trog
   239 | D:3      | Reached XP level 4. HP: 31/35 MP: 4/4
   323 | D:2      | Reached skill level 4 in Axes
   479 | D:4      | You fall through a shaft for 3 floors!
   501 | D:6      | Noticed an orc warrior
   510 | D:6      | Killed an orc warrior
   510 | D:6      | Gained mutation: You have sharp toenails. [demonic ancestry]
   510 | D:6      | Reached XP level 5. HP: 41/41 MP: 5/5
   556 | D:6      | Found a glowing drain.
   558 | D:6      | Noticed Eustachio
   576 | D:6      | Found a staircase to the Ecumenical Temple.
   586 | D:6      | Killed Eustachio
   586 | D:6      | Reached skill level 5 in Axes
   586 | D:6      | Gained mutation: You are mostly covered in sharp spines. [demonic ancestry]
   586 | D:6      | Reached XP level 6. HP: 47/47 MP: 6/6
   607 | Temple   | Entered the Ecumenical Temple
   667 | Sewer    | Entered a sewer
   733 | Sewer    | Reached *** piety under Trog
   839 | Sewer    | Gained mutation: You are surrounded by a mild repulsion field (EV +2). [demonic ancestry]
   839 | Sewer    | Reached XP level 7. HP: 50/52 MP: 7/7
   841 | Sewer    | Reached **** piety under Trog
   916 | D:7      | Noticed Menkaure
   925 | D:7      | Killed Menkaure
   925 | D:7      | Reached skill level 6 in Axes
   966 | D:7      | Noticed a centaur
   971 | D:7      | Killed a centaur
   981 | D:7      | Found a bloodstained altar of Trog.
  1041 | D:8      | Noticed an elephant
  1047 | D:8      | Reached XP level 8. HP: 58/58 MP: 8/8
  1060 | D:8      | Killed an elephant
  1060 | D:8      | Reached skill level 7 in Axes
  1060 | D:8      | Reached skill level 5 in Armour
  1079 | D:8      | Reached skill level 5 in Dodging
  1155 | D:9      | Found Xusekh's Quality Used Wands.
  1292 | D:9      | Reached skill level 8 in Axes
  1347 | D:9      | Found a staircase to the Orcish Mines.
  1374 | Orc:1    | Entered Level 1 of the Orcish Mines
  1417 | Orc:1    | Reached XP level 9. HP: 52/63 MP: 9/9
  1474 | Orc:1    | Found a flagged portal.
  1481 | Bailey   | Entered a bailey
  1655 | Bailey   | Reached skill level 9 in Axes
  1863 | Orc:2    | Slain by an orc warrior

Dungeon Overview and Level Annotations

Branches:
Dungeon (9/15)             Temple (1/1) D:6             Orc (2/4) D:9
   Lair: D:8-11

Altars:
Ashenzari
Dithmenos
Elyvilon
Fedhas
Gozag
Kikubaaqudgha
Makhleb
Qazlal
Ru
Sif Muna
Trog
Vehumet
Xom

Shops:
D:9 }


Message History

The orc wizard mumbles some strange words.
The orc wizard blinks!
An orc comes into view. It is wielding a short sword of venom.
Unknown command.
An orc warrior comes into view. It is wielding a long sword.
The orc shouts!
The orc is struck by your spines. The orc hits you.
An orc and an orc warrior come into view.
Things that are here:
a hand axe; a flail; an orc corpse Unknown command.
Unknown command.
You closely miss the orc warrior.
The orc warrior shouts!
The orc shouts!
Your kick misses the orc warrior. You closely miss the orc.
The orc is almost dead.
The orc closely misses you.
Unknown command.
Unknown command.
You hit the orc warrior. Your kick misses the orc warrior.
The orc warrior is lightly wounded.
You slice the orc!!
You kill the orc!
Trog accepts your kill.
You slash the orc priest!
The orc priest is severely wounded.
The orc warrior hits you with a scimitar!!
The orc priest miscasts a cantrip.
The orc priest invokes the aid of Beogh against you.
Something smites you!
An orc comes into view. It is wielding a mace.
The orc shouts!
You barely miss the orc warrior.
The orc warrior is lightly wounded.
You slice the orc priest!!
You kill the orc priest!
Trog accepts your kill.
The orc warrior is struck by your spines.
The orc warrior hits you with a scimitar!
You die...

You could see 3 orc warriors, 2 orc priests, an orc wizard and 5 orcs.

Vanquished Creatures
  An elephant (D:8)
  Eustachio (D:6)
  Menkaure (D:7)
  3 orc warriors
  An eye of draining (D:8)
  4 centaurs
  A crocodile (D:8)
  8 gnoll sergeants (Bailey)
  3 giant frogs
  2 scorpions
  8 orc priests
  An electric eel (D:9)
  6 gnoll shamans (Bailey)
  2 hounds (Bailey)
  5 orc wizards
  A worker ant (D:4)
  A sheep (D:8)
  A hound skeleton (D:8)
  4 river rats (Sewer)
  9 adders
  14 gnolls (Bailey)
  An ooze (Sewer)
  2 giant geckos
  41 orcs
  15 ball pythons
  2 hobgoblins
  4 jackals (D:3)
  3 quokkas
  2 bats
  4 giant cockroaches
  6 giant newts
  4 goblins
  3 kobolds
  28 rats
192 creatures vanquished.

Action                   |  1- 3 |  4- 6 |  7- 9 || total
-------------------------+-------+-------+-------++-------
Melee: Hand axe          |    24 |       |       ||    24
       War axe           |     1 |    82 |    72 ||   155
       Battleaxe         |       |       |    54 ||    54
Invok: Berserk           |     1 |     2 |     6 ||     9
       Trog's Hand       |       |     1 |    13 ||    14
Evoke: Wand              |       |       |     5 ||     5
  Use: Potion            |       |       |     2 ||     2
       Scroll            |       |       |    12 ||    12
  Eat: Chunk             |       |     3 |    11 ||    14

Vault maps used:
D:1:      ldierk_walled_garden
D:2:      minmay_door_path, tso_oasis_becter
D:3:      zin_statuary, nemelex_xobeh_ov_fountains_minmay,
          makhleb_altar_promises_db, lemuel_blue_sif_altar
D:4:      first_bread
D:6:      minmay_temple_entry_glassed_door, gup_sewer_entry_glass,
          uniq_eustachio
D:7:      basic_altar, minmay_liquid_box, uniq_menkaure
D:8:      gammafunk_temple_overflow_pools, david_lair_generic, serial_shops,
          shop_fountains, hangedman_little_slice_of_home
D:9:      nicolae_for_you_no_charge
Temple:   eino_temple_water_12
Orc:1:    enter_bailey_3, special_room, uniq_erica
Orc:2:    basic_altar, trog_butcher_becter
Sewer:    sewer_minmay_w
Bailey:   bailey_polearm_gnolls_kennysheep, bailey
